 Dungeon Crawl Stone Soup version 0.25.0-10-g039870ee82 (webtiles) character file.

Game seed: 1625793179172203078

375 Matador8 the Sneak (level 6, -9/52 HPs)
             Began as a Naga Skald on June 23, 2020.
             Mangled by a mummy (14 damage)
             ... in an ossuary.
             The game lasted 00:19:02 (4724 turns).

Matador8 the Sneak (Naga Skald)                     Turns: 4724, Time: 00:19:03

Health: -9/52      AC:  3    Str: 14    XL:     6   Next: 72%
Magic:  1/9        EV: 10    Int: 15    God:
Gold:   172        SH:  0    Dex: 10    Spells: 3/9 levels left

rFire    . . .     SeeInvis +   a - +0 spear
rCold    . . .     Gourm    .   (no shield)
rNeg     . . .     Faith    .   c - +0 robe
rPois    +         Spirit   .   (no helmet)
rElec    .         Reflect  .   (no cloak)
rCorr    .         Harm     .   (no gloves)
MR       .....                  (no barding)
Stlth    +++.......             (no amulet)
HPRegen  0.17/turn              (no ring)
MPRegen  0.11/turn              (no ring)

@: very slow
A: large, see invisible, deformed body, poison resistance, slowness 2, slow
metabolism 1, spit poison 1, AC +2
a: Spit Poison


You were in an ossuary.
You were not hungry.

You visited 1 branch of the dungeon, and saw 4 of its levels.
You also visited: Ossuary.

You collected 172 gold pieces.

Inventory:

Hand Weapons
 a - a +0 spear (weapon)
Missiles
 r - 26 sling bullets
Armour
 b - a +0 leather armour
 c - a +0 robe (worn)
 f - a +0 chain mail
 m - a scarf of resistance
Jewellery
 t - a +4 ring of evasion {unknown}
Scrolls
 e - 2 scrolls of noise {unknown}
 j - 2 scrolls of enchant armour {unknown}
 k - 3 scrolls of magic mapping
 p - 2 scrolls of identify {unknown}
Potions
 g - 3 potions of brilliance {unknown}
 h - a potion of flight {unknown}
 i - a potion of ambrosia {unknown}
 n - 3 potions of resistance {unknown}
 o - a potion of haste {unknown}
 q - a potion of cancellation {unknown}
 u - a potion of degeneration {unknown}
Comestibles
 d - 15 rations


   Skills:
 - Level 2.0 Fighting
 + Level 3.9 Polearms
 - Level 0.7 Armour
 - Level 1.5 Dodging
 + Level 5.2 Stealth
 - Level 2.0 Spellcasting
 + Level 2.5 Hexes
 - Level 3.2 Charms
 + Level 2.9 Translocations


You had 3 spell levels left.
You knew the following spells:

 Your Spells              Type           Power        Failure   Level  Hunger
a - Infusion              Chrm           ##..         6%          1    #......
b - Shroud of Golubria    Chrm/Tloc      ##....       10%         2    ###....
c - Spectral Weapon       Hex/Chrm       ##......     21%         3    ###....

Your spell library contained the following spells:

 Spells                   Type           Power        Failure   Level  Hunger
 Song of Slaying          Chrm           ##......     9%          2    ###....
 Ozocubu's Armour         Chrm/Ice       #.......     34%         3    ###....


Dungeon Overview and Level Annotations

Branches:
Dungeon (4/15)            Ossuary (1/1)
 Temple: D:4-7

Altars:
Fedhas

Annotations:
D:3 exclusion: ice beast


Innate Abilities, Weirdness & Mutations

You cannot wear boots.
Your serpentine skin is tough. (AC +2)
You have supernaturally acute eyesight. (SInv)
Armour fits poorly on your strangely shaped body.
Your system is resistant to poisons. (rPois)
You cover ground very slowly.
You have a slow metabolism.
You can spit poison.


Message History

You hit the mummy but do no damage.
The mummy is heavily damaged.
The mummy closely misses you.
You hit the mummy.
The mummy is severely damaged.
You hit the mummy but do no damage.
The mummy is severely damaged.
The mummy hits you.
You hit the mummy.
The mummy is almost destroyed.
You hit the mummy.
The mummy is almost destroyed.
The mummy hits you!
* * * LOW HITPOINT WARNING * * *
You hit the mummy but do no damage.
The mummy is almost destroyed.
You hit the mummy but do no damage.
The mummy is almost destroyed.
The mummy hits you!
You die...

####### ###### #####
..#...#??!?#...#^^^#
^.'.∩.#?[$!+.∩.M@.^#
..#...#!!!!#...#^^.#
^^##### ##### #.^^#
.^# #.^^# ### #'###
..# #...# ..# #...#
..# #...# ..# #...#


You could see a mummy.

Vanquished Creatures
  An ogre (D:4)
  2 water moccasin zombies (Ossuary)
  A worker ant (D:4)
  A big kobold zombie (Ossuary)
  A mummy (Ossuary)
  4 adders (D:2)
  5 adder zombies (Ossuary)
  A dart slug (D:3)
  A ball python (D:2)
  5 bats
  A giant cockroach (D:1)
  7 gnoll zombies (Ossuary)
  10 goblins
  7 hobgoblins
  4 jackals (D:1)
  8 frilled lizards
  3 hobgoblin zombies (Ossuary)
  5 kobolds
  6 kobold zombies (Ossuary)
  6 orc zombies (Ossuary)
  5 rats
84 creatures vanquished.

Notes
Turn   | Place    | Note
-------+----------+-------------------------------------------
     0 | D:1      | Matador8 the Naga Skald began the quest for the Orb.
     0 | D:1      | Reached XP level 1. HP: 19/19 MP: 3/3
   113 | D:1      | Reached skill level 1 in Stealth
   433 | D:1      | Reached XP level 2. HP: 17/26 MP: 0/5
   691 | D:1      | Learned a level 2 spell: Shroud of Golubria
   941 | D:1      | Reached skill level 2 in Stealth
  1142 | D:1      | Reached XP level 3. HP: 14/32 MP: 3/6
  1161 | D:1      | HP: 1/32 [hobgoblin/+0 club (3)]
  1674 | D:1      | Learned a level 3 spell: Spectral Weapon
  1748 | D:2      | Reached skill level 1 in Translocations
  2169 | D:2      | Reached skill level 3 in Stealth
  2169 | D:2      | Reached XP level 4. HP: 39/39 MP: 2/7
  2385 | D:2      | Found a blossoming altar of Fedhas.
  2472 | D:3      | Reached skill level 1 in Hexes
  3145 | D:3      | Noticed an ice beast
  3368 | D:4      | Noticed an ogre
  3375 | D:4      | HP: 1/39 [ogre/+0 giant spiked club (8)]
  3380 | D:4      | Killed an ogre
  3380 | D:4      | Reached skill level 4 in Stealth
  3380 | D:4      | Reached XP level 5. HP: 18/45 MP: 2/8
  3531 | D:4      | Found a sand-covered staircase.
  3540 | Ossuary  | Entered an ossuary
  3581 | Ossuary  | Reached XP level 6. HP: 9/52 MP: 2/9
  4497 | Ossuary  | Reached skill level 5 in Stealth
  4724 | Ossuary  | Mangled by a mummy

Illustrated notes

Levels and vault maps discovered:
D:1:      elethiomel_arrival_infinity_welcomes_careful_drivers, layout_rooms
D:2:      layout_rooms, overflow_temple_1_default
D:3:      layout_loops_cross
D:4:      layout_loops_ring, vehumet_altar_wand_db,
          lemuel_zombie_altar_yredelemnul, nicolae_overflow_crystal_walls,
          gammafunk_ghost_necromancy, lightli_ossuary_entry_decrepit_ruins
Ossuary:  ossuary_tomb_2

Skill      XL: |  1  2  3  4  5  6 |
---------------+-------------------+-----
Stealth        | 1 2 3 4 5 |  5.2
Translocations | 1 2 |  2.9
Hexes          | 1 2 |  2.5
Polearms       | 3 |  3.9
Fighting       | |  2.0
Armour         | |  0.7
Dodging        | |  1.5
Spellcasting   | |  2.0
Charms         | |  3.2

Action                   |  1- 3 |  4- 6 || total
-------------------------+-------+-------++-------
Melee: Spear             |   113 |   214 ||   327
 Cast: Infusion          |    14 |    11 ||    25
       Shroud of Golubri |     5 |    10 ||    15
 Abil: Spit Poison       |    18 |     9 ||    27
  Use: Potion            |     1 |     2 ||     3
       Scroll            |       |     1 ||     1
 Stab: Sleeping          |     1 |     4 ||     5
  Eat: Chunk             |     4 |     5 ||     9
       Ration            |       |     1 ||     1
Armor: Robe              |    33 |    26 ||    59
Dodge: Dodged            |    57 |    74 ||   131
